 Dungeon Sprint DCSS version 0.27-a0-1119-gbf574a6a6b (webtiles) character file.

Game seed: 15912966189444262332

1878 mhtbhm the Arsonist (level 8, -4/41 HPs)
             Began as a Deep Elf Fire Elementalist on May 2, 2021.
             Was a High Priest of Vehumet.
             Slain by a cyan ugly thing (8 damage)
             ... while petrified by a basilisk
             ... in the Dungeon (Sprint V: "Ziggurat Sprint").
             The game lasted 00:02:21 (629 turns).

mhtbhm the Arsonist (Deep Elf Fire Elementalist)     Turns: 629, Time: 00:02:22

Health: -4/41      AC:  5    Str:  5    XL:     8   Next: 91%
Magic:  21/25      EV:  2    Int: 35    God:    Vehumet [*****.]
Gold:   0          SH:  0    Dex: 15    Spells: 14/30 levels left

rFire    + . .     SeeInvis .   C - +8 lance "Wyrmbane" {slay drac, rPois rF+ rC+ AC+3}
rCold    + . .     Faith    .   (no shield)
rNeg     + + +     Spirit   .   a - +0 robe
rPois    ∞         Reflect  .   (no helmet)
rElec    .         Harm     .   (no cloak)
rCorr    .         Rampage  .   (no gloves)
Will     .....     NoTele   +   (no boots)
Stlth    ++++......             w - amulet of regeneration
HPRegen  1.13/turn              x - +6 ring of intelligence
MPRegen  0.19/turn              y - +6 ring of intelligence

@: petrified
A: no striking features
a: Renounce Religion


You were in the Dungeon.
You worshipped Vehumet.
Vehumet was extremely pleased with you.
You visited 1 branch

Inventory:

Hand Weapons
 C - the +8 lance "Wyrmbane" (weapon) {slay drac, rPois rF+ rC+ AC+3}
   (You found it in the Dungeon)

   It affects your AC (+3).
   It protects you from fire.
   It protects you from cold.
   It protects you from poison.
Armour
 a - a +0 robe (worn)
Jewellery
 w - an amulet of regeneration (around neck)
 x - a +6 ring of intelligence (left hand)
 y - a +6 ring of intelligence (right hand)
Wands
 m - a wand of mindburst (7)
 n - a wand of iceblast (4)
 o - a wand of acid (4)
Scrolls
 h - 4 scrolls of blinking
 p - 4 scrolls of amnesia
 q - 7 scrolls of fog
 r - a scroll of holy word
 s - 5 scrolls of identify
 t - 2 scrolls of fear
Potions
 b - 2 potions of brilliance
 c - 10 potions of curing
 d - 10 potions of heal wounds
 e - 6 potions of haste
 f - 7 potions of magic
 g - 3 potions of berserk rage
 i - 2 potions of invisibility
 j - 4 potions of resistance
 k - a potion of experience
 l - 5 potions of might
Miscellaneous
 u - a box of beasts
 v - a tin of tremorstones (2/2)
 B - a lightning rod (4/4)


   Skills:
 + Level 8.6 Dodging
 + Level 8.9 Stealth
 + Level 11.8 Spellcasting
 + Level 5.1 Conjurations
 + Level 14.7 Fire Magic
 + Level 4.9 Evocations


You had 14 spell levels left.
You knew the following spells:

 Your Spells              Type           Power      Damage    Failure   Level
a - Foxfire               Conj/Fire      100%       2x1d9     1%          1
b - Conjure Flame         Conj/Fire      74%        6-21      1%          3
c - Inner Flame           Hex/Fire       64%        N/A       1%          3
d - Sticky Flame          Conj/Fire      74%        2d9       1%          4
e - Fireball              Conj/Fire      37%        3d15      1%          5

Your spell library contained the following spells:

 Spells                   Type           Power      Damage    Failure   Level
 Searing Ray              Conj           100%       3d7       1%          2
 Beastly Appendage        Tmut           40%        N/A       1%          1
 Ignite Poison            Fire/Tmut/Pois 53%        N/A       1%          3
 Starburst                Conj/Fire      37%        8x6d11    1%          6
 Sublimation of Blood     Necr           10%        N/A       3%          2
 Wereblood                Tmut           20%        N/A       3%          2
 Irradiate                Conj/Tmut      19%        3d20      5%          5
 Spider Form              Tmut/Pois      10%        N/A       6%          3
 Ignition                 Fire           44%        3d13      9%          8
 Yara's Violent Unravell  Hex/Tmut       10%        3d6       16%         5
 Cause Fear               Hex            10%        N/A       21%         4
 Ice Form                 Ice/Tmut       20%        N/A       21%         4
 Petrify                  Tmut/Erth      20%        N/A       21%         4
 Alistair's Intoxication  Tmut/Pois      13%        N/A       50%         5
 Hydra Form               Tmut           10%        N/A       50%         5
 Silence                  Hex/Air        10%        N/A       50%         5
 Eringya's Noxious Bog    Tmut/Pois      10%        N/A       58%         6
 Discord                  Hex            10%        N/A       100%        8


Dungeon Overview and Level Annotations

Branches:
Dungeon (1/1)

Altars:
Ashenzari
Cheibriados
Dithmenos
Elyvilon
Fedhas
Gozag
Hepliaklqana
Kikubaaqudgha
Makhleb
Nemelex Xobeh
Okawaru
Qazlal
Ru
Sif Muna
Trog
Uskayaw
Vehumet
Wu Jian
Xom
Yredelemnul
Zin
The Shining One
Beogh
Jiyva
Lugonu


Message History

Unknown command.
Aiming: Corrosive Bolt
Press: ? - help, Shift-Dir - straight line, f/p - basilisk
Aim: a basilisk (almost dead, 67% to hit)
The bolt of acid hits the basilisk!
The basilisk is splashed with acid.
The acid corrodes the basilisk!
You kill the basilisk!
Vehumet accepts your kill.
You feel your power returning.
The basilisk's shape twists and changes as it dies.
The bolt of acid misses the cyan ugly thing.
The bolt of acid hits the queen bee.
The queen bee is splashed with acid.
The acid corrodes the queen bee!
The queen bee is almost dead.
The cyan ugly thing trunk-slaps you! The cyan ugly thing shocks you!
Your limbs are stiffening.
Your lightning rod (4/4) has regained one charge.
Unknown command.
Unknown command.
Aiming: Corrosive Bolt
Press: ? - help, Shift-Dir - straight line, f - cyan ugly thing
Aim: a cyan ugly thing (lightly wounded, 74% to hit)
The bolt of acid hits the cyan ugly thing!
The cyan ugly thing is splashed with acid.
The acid corrodes the cyan ugly thing!
The cyan ugly thing is moderately wounded.
The bolt of acid hits the queen bee!
The queen bee is splashed with acid.
The queen bee seems to be corroded for longer.
You kill the queen bee!
Vehumet accepts your kill.
You feel your power returning.
The cyan ugly thing trunk-slaps you but does no damage.
You have turned to stone.
Your Conjurations skill increases to level 5!
The cyan ugly thing trunk-slaps you. The cyan ugly thing shocks you!
* * * LOW HITPOINT WARNING * * *
The cyan ugly thing trunk-slaps you!
* * * LOW HITPOINT WARNING * * *
The cyan ugly thing shocks you!
You die...

▓..=):..▓
▓..)))..▓
▓.......▓
▓.......▓
▓.......▓
..††...
▓.▓.u.▓.▓
▓...@...▓
▓▓▓▓▓▓▓▓▓


You could see a cyan ugly thing (corroded).

Vanquished Creatures
  A harpy (shapeshifter) (D)
  A black mamba (shapeshifter) (D)
  A queen bee (shapeshifter) (D)
  A basilisk (shapeshifter) (D)
  A golden eye (D)
  A neqoxec (D)
  A hell hound (D)
  2 necrophages (D)
  2 crimson imps (D)
  A quasit (D)
  2 jellies (D)
  2 orc wizards (D)
  2 shadow imps (D)
  A white imp (D)
  2 bat skeletons (D)
  2 giant cockroach zombies (D)
23 creatures vanquished.

Vanquished Creatures (others)
  3 foxfires (D)
3 creatures vanquished.

Grand Total: 26 creatures vanquished

Notes
Turn   | Place    | Note
-------+----------+-------------------------------------------
     0 | D        | mhtbhm the Deep Elf Fire Elementalist began the quest for
                  | the Orb.
     0 | D        | Reached XP level 1. HP: 10/10 MP: 6/6
     0 | D        | Found a shimmering blue altar of Sif Muna.
     0 | D        | Found a bloodstained altar of Trog.
     0 | D        | Found a sacrificial altar of Ru.
     0 | D        | Found a stormy altar of Qazlal.
     0 | D        | Found an iron altar of Okawaru.
     1 | D        | Found a sparkling altar of Nemelex Xobeh.
     1 | D        | Found a blossoming altar of Fedhas.
     2 | D        | Found the +6 Majin-Bo {vamp, MP+6 Int+6}
     2 | D        | Found the +9 heavy crossbow "Sniper" {vorpal, Acc+∞ SInv}
     2 | D        | Found the +10 dark maul {vorpal}
     2 | D        | Found the +15 Maxwell's patent armour {-Cast -Tele rElec
                  | Will+ rCorr}
     2 | D        | Found the +18 shield of the Gong {rElec rN+ Will+ EV-5}
     2 | D        | Found the +14 obsidian axe {vorpal, Drain Fly SInv}
     2 | D        | Found the +7 great mace "Firestarter" {inner flame, rF++}
     2 | D        | Found the +6 shillelagh "Devastator" {shatter}
     2 | D        | Found the +11 plutonium sword {Contam Stlth-}
     2 | D        | Found the +8 lance "Wyrmbane" {slay drac, rPois rF+ rC+
                  | AC+3}
     2 | D        | Found the +9 sword of Zonguldrok {reap}
     2 | D        | Found the +13 scythe of Curses {drain, Drain}
     2 | D        | Found the +5 sword of Power {vorpal}
     2 | D        | Found the +7 mace of Variability {chain chaos}
     2 | D        | Found the +7 Singing Sword {vorpal, sonic wave}
     2 | D        | Found the +8 storm bow {elec, penet}
     5 | D        | Banished a spatial maelstrom
    10 | D        | Found a transporter.
    10 | D        | Found an ancient bone altar of Kikubaaqudgha.
    10 | D        | Found a viscous altar of Jiyva.
    10 | D        | Found a corrupted altar of Lugonu.
    10 | D        | Found a hazy altar of Hepliaklqana.
    10 | D        | Found a burning altar of Makhleb.
    10 | D        | Found an opulent altar of Gozag.
    46 | D        | Became a worshipper of Vehumet
    60 | D        | Entered arena 2.
    60 | D        | Noticed an orc wizard
    60 | D        | Noticed an orc wizard
    60 | D        | Found a transporter.
    61 | D        | Killed an orc wizard
    62 | D        | Reached skill level 5 in Fire Magic
    62 | D        | Reached XP level 2. HP: 15/15 MP: 7/9
    63 | D        | Reached skill level 5 in Spellcasting
    63 | D        | Reached skill level 6 in Fire Magic
    63 | D        | Reached XP level 3. HP: 19/19 MP: 7/11
   200 | D        | Learned a level 3 spell: Conjure Flame
   204 | D        | Learned a level 3 spell: Inner Flame
   313 | D        | Entered arena 3.
   313 | D        | Noticed a golden eye
   313 | D        | Found a transporter.
   314 | D        | Reached * piety under Vehumet
   314 | D        | Offered knowledge of Freeze by Vehumet.
   315 | D        | Reached skill level 7 in Fire Magic
   315 | D        | Reached XP level 4. HP: 24/24 MP: 13/13
   315 | D        | Killed a golden eye
   316 | D        | Reached skill level 5 in Dodging
   316 | D        | Reached skill level 5 in Stealth
   316 | D        | Reached skill level 9 in Fire Magic
   316 | D        | Reached skill level 1 in Evocations
   316 | D        | Reached XP level 5. HP: 28/28 MP: 13/16
   318 | D        | Reached skill level 10 in Fire Magic
   415 | D        | Learned a level 4 spell: Sticky Flame
   421 | D        | Learned a level 5 spell: Fireball
   422 | D        | Entered arena 4.
   422 | D        | Noticed a necrophage
   422 | D        | Noticed a necrophage
   422 | D        | Found a transporter.
   423 | D        | Killed a necrophage
   423 | D        | Reached ** piety under Vehumet
   423 | D        | Offered knowledge of Sandblast by Vehumet.
   424 | D        | Reached XP level 6. HP: 32/32 MP: 13/19
   426 | D        | Reached skill level 11 in Fire Magic
   524 | D        | Entered arena 5.
   524 | D        | Noticed a hell hound
   524 | D        | Found a transporter.
   525 | D        | Reached *** piety under Vehumet
   527 | D        | Killed a hell hound
   528 | D        | Reached skill level 12 in Fire Magic
   528 | D        | Reached XP level 7. HP: 36/36 MP: 16/21
   532 | D        | Got the ring "Vyteptie" {Ice rPois rN+}
   558 | D        | Entered arena 6.
   558 | D        | Found a transporter.
   559 | D        | Reached **** piety under Vehumet
   562 | D        | Reached ***** piety under Vehumet
   621 | D        | Entered arena 7.
   621 | D        | Noticed a harpy
   621 | D        | Noticed a queen bee
   621 | D        | Noticed a cyan ugly thing
   621 | D        | Noticed a black mamba
   621 | D        | Noticed a neqoxec
   623 | D        | Killed a neqoxec
   623 | D        | Offered knowledge of Searing Ray by Vehumet.
   624 | D        | Reached skill level 10 in Spellcasting
   624 | D        | Killed a harpy
   624 | D        | Killed a black mamba
   624 | D        | Noticed a basilisk
   625 | D        | Reached skill level 14 in Fire Magic
   625 | D        | Reached XP level 8. HP: 29/41 MP: 16/25
   627 | D        | Killed a queen bee
   628 | D        | Reached skill level 5 in Conjurations
   629 | D        | Slain by a cyan ugly thing

Illustrated notes

Levels and vault maps discovered:
D:        sprint_v [room_start, room_1, room_2, room_3, room_4, room_5, room_6,
          room_7, room_8, room_9, room_10, room_11, room_12, room_13, room_14,
          room_15, room_16, room_17, room_18, room_19, room_20, room_21,
          room_22, room_23, room_24, room_25, room_26, room_27]

Skill      XL: |  1  2  3  4  5  6  7  8 |
---------------+-------------------------+-----
Dodging        | 3 4 5 6 8 |  8.6
Stealth        | 3 4 5 6 8 |  8.9
Spellcasting   | 4 5 7 8 9 11 | 11.8
Fire Magic     | 5 6 7 9 10 12 14 | 14.7
Evocations     | 1 2 4 |  4.9
Conjurations   | 2 4 5 |  5.1

Action                   |  1- 3 |  4- 6 |  7- 9 || total
-------------------------+-------+-------+-------++-------
 Cast: Foxfire           |       |     2 |       ||     2
       Fireball          |       |     4 |     4 ||     8
Evoke: Wand              |     3 |     1 |     2 ||     6
       Lightning rod     |       |     2 |     4 ||     6
Armor: Robe              |       |       |     1 ||     1

Table legend: (Time is in decaauts)
 A = Elapsed time spent in this place.
 B = Non-inter-level travel time spent in this place.
 C = Inter-level travel time spent in this place.
 D = Time resting spent in this place.
 E = Time spent auto-exploring this place.
 F = Levels seen in this place.
 G = Mean time per level.
                   A        B        C        D        E       F      G
               +--------+--------+--------+--------+--------+-----+--------+
         Total |    628 |    628 |      0 |    464 |      0 |   1 |  628.0 |
       Dungeon |    628 |    628 |      0 |    464 |      0 |   1 |  628.0 |
               +--------+--------+--------+--------+--------+-----+--------+

Top non-repeatable levels by time:
       D: 628 daAuts
